 Dungeon Crawl Stone Soup version 0.29-a0-676-ga64570c9d2 (webtiles) character file.

Game seed: 17085178698380165868

985 Sobieck the Magician (level 7, 0/34 (36) HPs)
             Began as a Deep Elf Conjurer on June 24, 2022.
             Was an Initiate of Vehumet.
             Slain by a wight
             ... wielding a +3 halberd
              (2 damage)
             ... on level 6 of the Dungeon.
             The game lasted 00:11:30 (5632 turns).

Sobieck the Magician (Deep Elf Conjurer)            Turns: 5632, Time: 00:11:31

HP:   0/34 (36)     AC:  5    Str:  4    XL:     7   Next: 97%
MP:   24/28         EV: 12    Int: 25    God:    Vehumet [......]
Gold: 946           SH:  0    Dex: 13    Spells: 9/20 levels left

rFire   . . .      SeeInvis .   y - +0 whip (elec) {mace}
rCold   . . .      Faith    .   (no shield)
rNeg    . . .      Spirit   .   a - +0 robe
rPois   +          Reflect  .   p - +0 helmet
rElec   .          Harm     .   F - +1 cloak {Stlth+}
rCorr   .          Rampage  .   (no gloves)
Will    .....                   (no boots)
Stlth   +++.......              I - amulet of magic regeneration {@e2}
HPRegen 0.11/turn               k - ring of magical power
MPRegen 0.61/turn               P - ring of poison resistance

@: drained
A: no striking features
a: Renounce Religion


You were on level 6 of the Dungeon.
You worshipped Vehumet.
Vehumet was noncommittal.
You visited 1 branch of the dungeon, and saw 6 of its levels.
You also visited: Ossuary.

You collected 1221 gold pieces.
You spent 275 gold pieces at shops.


   Skills:
 - Level 2.4 Dodging
 - Level 2.4 Stealth
 + Level 7.1 Spellcasting
 * Level 7.1 Conjurations
 - Level 5.0 Hexes
 + Level 4.2 Translocations


You had 9 spell levels left.
You knew the following spells:

 Your Spells              Type           Power      Damage    Failure   Level
a - Magic Dart            Conj           100%       1d8       1%          1
b - Searing Ray           Conj           88%        2d7       1%          2
c - Fulminant Prism       Conj/Hex       19%        3d11      5%          4
d - Iskenderun's Mystic   Conj/Tloc      37%        2d9       6%          4

Your spell library contained the following spells:

 Spells                   Type           Power      Damage    Failure   Level
 Dazzling Flash           Conj/Hex       78%        N/A       1%          3
 Tukima's Dance           Hex            33%        N/A       2%          3
 Stone Arrow              Conj/Erth      52%        3d10      4%          3
 Passage of Golubria      Tloc           30%        N/A       12%         4
 Animate Armour           Summ/Erth      16%        N/A       54%         4
 Yara's Violent Unravell  Hex/Tmut       10%        3d6       54%         5
 Lehudib's Crystal Spear  Conj/Erth      13%        10d4      100%        8

Inventory:

Hand Weapons
 i - a +0 dagger {short}
   (You took it off a kobold on level 1 of the Dungeon)
 j - a +0 dagger {short}
   (You took it off a goblin on level 1 of the Dungeon)
 l - a +0 mace {mace}
   (You found it on level 1 of the Dungeon)
 n - a +0 club {mace}
   (You took it off a goblin on level 1 of the Dungeon)
 o - a +0 mace of holy wrath {mace}
   (You found it on level 1 of the Dungeon)
 q - a +0 dagger {short}
   (You took it off a goblin on level 1 of the Dungeon)
 r - a +2 short sword of freezing {short}
   (You found it on level 1 of the Dungeon)
 w - a +0 hand axe {axe}
   (You found it on level 1 of the Dungeon)
 x - a +0 short sword {short}
   (You took it off a kobold on level 1 of the Dungeon)
 y - a +0 whip of electrocution (weapon) {mace}
   (You took it off a kobold on level 2 of the Dungeon)
Missiles
 g - 71 stones {throwing}
 O - 39 poisoned darts {throwing}
 Z - 3 boomerangs {throwing}
Armour
 a - a +0 robe (worn)
 c - a +0 scale mail
   (You found it on level 1 of the Dungeon)
 d - a +0 robe
   (You found it on level 1 of the Dungeon)
 f - a +0 robe
   (You found it on level 1 of the Dungeon)
 p - a +0 helmet (worn)
   (You found it on level 1 of the Dungeon)
 s - a +0 ring mail
   (You found it on level 1 of the Dungeon)
 A - a +0 robe
   (You found it on level 2 of the Dungeon)
 B - a +0 ring mail
   (You found it on level 2 of the Dungeon)
 D - a +0 plate armour
   (You found it on level 2 of the Dungeon)
 E - a +0 plate armour
   (You found it on level 2 of the Dungeon)
 F - a +1 cloak of stealth (worn)
   (You bought it in a shop on level 2 of the Dungeon)
 G - a +0 ring mail
   (You found it on level 2 of the Dungeon)
 H - a +0 leather armour
   (You found it on level 2 of the Dungeon)
 J - a +0 leather armour
   (You took it off an orc on level 2 of the Dungeon)
 Q - a +0 ring mail
   (You found it on level 3 of the Dungeon)
 V - a +0 leather armour
   (You took it off an orc on level 5 of the Dungeon)
 W - the +0 robe "Joghoset" {Slay+2 Stlth+}
   (You found it on level 5 of the Dungeon)

   Slay:      It affects your accuracy & damage with ranged weapons and melee
   (+2).
   Stlth:     It makes you more stealthy.
 X - a +0 robe
   (You took it off an orc wizard on level 4 of the Dungeon)
 Y - a +0 scale mail
   (You took it off an orc on level 4 of the Dungeon)
Jewellery
 k - a ring of magical power (left hand)
   (You found it on level 1 of the Dungeon)
 I - an amulet of magic regeneration (around neck) {@e2}
   (You found it on level 2 of the Dungeon)
 K - an amulet of the acrobat
   (You bought it in a shop on level 2 of the Dungeon)
 P - a ring of poison resistance (right hand)
   (You found it on level 4 of the Dungeon)
Wands
 e - a wand of charming (13)
   (You found it on level 6 of the Dungeon)
 t - a wand of flame (27)
   (You found it on level 5 of the Dungeon)
 N - a wand of iceblast (19)
   (You found it on level 3 of the Dungeon)
Scrolls
 L - 3 scrolls of amnesia
 R - 3 scrolls of magic mapping {!r}
 S - a scroll of fear
 T - a scroll of poison
Potions
 b - 3 potions of magic
 h - a potion of flight {unknown}
 m - a potion of curing {@q1}
 u - a potion of might {unknown}
 v - 3 potions of heal wounds {@q2}
 z - a potion of ambrosia {unknown}
 C - 2 potions of attraction {!q}
 M - a potion of invisibility {unknown}
 U - a potion of resistance

Dungeon Overview and Level Annotations

Branches:
Dungeon (6/15) Zot: 26442 Ossuary (visited)
 Temple: D:4-7

Altars:
Elyvilon
Fedhas
Kikubaaqudgha
Vehumet
Zin

Shops:
D:2

* ..#........#.........#...........
..#........#.........#...........
..##.......#........)###'##.....#
..##.......#..............#.....#
..##.......##########..z..#.....#
..#####'#####.......#.....#.....#
...'................#.....+......
...#................#.....#......
...#..........ยงยง@Dz.'.....#......
...#................#.....#......
...#................#.....#
..#####.)..##.##...##.....# #+#
#....##+##...#.......#
#............#.......#
#............#.......#
#............#.......#
#............#.......#


You could see a steam dragon (catching breath) and a wight.


Message History

Aim: a bullfrog (severely wounded, 77% to hit)
The searing ray hits the bullfrog!
You kill the bullfrog!
Vehumet accepts your kill. (Press . to maintain the ray.) Training target 5.0 for Hexes reached!
Your Conjurations skill increases to level 7!
Your Hexes skill increases to level 5!
A wight is nearby!
Danger!
The magic dart hits the wight but does no damage.
The magic dart hits the wight but does no damage.
The magic dart hits the wight.
The magic dart hits the wight.
The magic dart hits the wight!
Casting: Magic Dart (safe; 1% risk of failure)
Confirm with . or Enter, or press ? or * to list all spells.
Aiming: Searing Ray (safe; 1% risk of failure)
Press: ? - help, Shift-Dir - straight line, f/p - wight
Aim: a wight, wielding a +5 war axe and wearing a +0 robe (almost destroyed, 82% to hit)
The searing ray hits the wight.
You destroy the wight!
Vehumet accepts your kill. (Press . to maintain the ray.)
A steam dragon is nearby!
Danger!
Unknown command.
Things that are here:
a +5 war axe {axe}; a +0 robe Your pack is full.
You see here a +0 scale mail.
There is a stone staircase leading up here.
Unknown command.
You start resting.
Unknown command.
Your pack is full.
You see here a +0 scale mail.
Your pack is full.
You see here a +0 scale mail.
Could not pick up a +0 scale mail here; ([A]lways) ignore it?
Autopickup disabled for scale mails.
b - 3 potions of magic (gained 2)
You open the door.
There is an open door here.
You open the door.
There is an open door here.
Your pack is full.
You see here a dark potion.
Unknown command.
Your pack is full.
You see here a dark potion.
Could not pick up a dark potion here; ([A]lways) ignore it?
Okay, then.
You drop a +0 club {mace}.
m - a dark potion You see here a +0 club {mace}.
Your pack is full.
You see here a scroll of identify {@r1}.
As you read the scroll of identify {@r1}, it crumbles to dust.
m - a potion of curing A steam dragon is nearby!
Danger!
The magic dart hits the steam dragon.
The steam dragon hisses angrily.
The steam dragon breathes steam at you. The ball of steam hits you.
Casting: Magic Dart (safe; 1% risk of failure)
Confirm with . or Enter, or press ? or * to list all spells.
Aiming: Searing Ray (safe; 1% risk of failure)
Press: ? - help, Shift-Dir - straight line, f/p - steam dragon
Aim: a steam dragon (steam, lightly wounded, catching its breath, 82% to hit)
The searing ray misses the steam dragon. (Press . to maintain the ray.)
The searing ray hits the steam dragon!
The searing ray misses the steam dragon.
The searing ray hits the wight!
Casting: Searing Ray (safe; 1% risk of failure)
Confirm with . or Enter, or press ? or * to list all spells.
Restarting spell: Searing Ray (safe; 1% risk of failure)
Press: ? - help, Shift-Dir - straight line, f - wight, p - steam dragon
Aim: a wight, wielding a +3 halberd and wearing a +0 robe (heavily damaged, 82% to hit)
The searing ray hits the steam dragon!
The searing ray hits the wight. (Press . to maintain the ray.)
You are engulfed in a cloud of scalding steam.
The steam dragon closely misses you. The steam dragon barely misses you.
The searing ray hits the steam dragon.
The wight barely misses you. The steam dragon breathes steam at you.
The ball of steam hits you!!
Ouch! That really hurt!
* * * LOW HITPOINT WARNING * * *
Casting: Searing Ray (safe; 1% risk of failure)
Confirm with . or Enter, or press ? or * to list all spells.
Restarting spell: Searing Ray (safe; 1% risk of failure)
Press: ? - help, Shift-Dir - straight line, f/p - wight
Aim: a wight, wielding a +3 halberd and wearing a +0 robe (severely damaged, 82% to hit)
Okay, then.
You feel much better.
You are engulfed in a cloud of scalding steam.
* * * LOW HITPOINT WARNING * * *
The wight hits you from afar with a +3 halberd!
* * * LOW HITPOINT WARNING * * *
You feel drained.
You die...

Skill      XL: |  1  2  3  4  5  6  7 |
---------------+----------------------+-----
Spellcasting   | 4 5 6 7 |  7.1
Conjurations   | 5 6 7 |  7.1
Hexes          | 1 2 3 5 |  5.0
Translocations | 1 2 3 4 |  4.2
Dodging        | |  2.4
Stealth        | |  2.4

Action                   |  1- 3 |  4- 6 |  7- 9 || total
-------------------------+-------+-------+-------++-------
 Cast: Magic Dart        |    83 |   113 |    21 ||   217
       Searing Ray       |     1 |    16 |    11 ||    28
  Use: Scroll            |       |    11 |     2 ||    13
       Potion            |       |       |     1 ||     1
Armor: Robe              |     2 |     7 |       ||     9
Dodge: Dodged            |     4 |    21 |    10 ||    35

Levels and vault maps discovered:
D:1:      enne_arrival_octagon_isle, layout_loops_corners,
          basic_ecumenical_altar
D:2:      layout_loops_cross, serial_shops, shop
D:3:      layout_rooms, elyvilon_altar_1, mainiacjoe_overflow_chevrons,
          mainiacjoe_overflow_surrounded_room, minmay_goblin_kobold_house
D:4:      nicolae_cairo_tiling_large, layout_basic, chequers_ossuary_entry_cave,
          minmay_liquid_box
D:5:      minmay_razor_zed, layout_cave_pools, kiku_gazebo_garden_becter,
          vehumet_statue, kennysheep_small_square, uniq_ijyb
D:6:      layout_gridville

Notes
Turn   | Place    | Note
-------+----------+-------------------------------------------
     0 | D:1      | Sobieck the Deep Elf Conjurer began the quest for the Orb.
     0 | D:1      | Reached XP level 1. HP: 10/10 MP: 6/6
   480 | D:1      | Reached XP level 2. HP: 15/15 MP: 8/8
   516 | D:1      | Found a faded altar of an unknown god.
   618 | D:1      | Learned a level 2 spell: Searing Ray
   811 | D:1      | Reached skill level 4 in Spellcasting
   861 | D:1      | Reached skill level 5 in Conjurations
   861 | D:1      | Reached XP level 3. HP: 19/19 MP: 10/10
  1070 | D:1      | You add the spells Tukima's Dance, Passage of Golubria and
                  | Yara's Violent Unravelling to your library.
  1463 | D:2      | Found Teazeojo's Assorted Antiques.
  1724 | D:2      | Reached XP level 4. HP: 24/24 MP: 12/12
  1729 | D:2      | Learned a level 4 spell: Fulminant Prism
  1734 | D:2      | Learned a level 4 spell: Iskenderun's Mystic Blast
  2239 | D:3      | You pick up a book of Conjurations {@e2} and begin
                  | reading...
  2266 | D:3      | Found a white marble altar of Elyvilon.
  2294 | D:3      | Found a glowing silver altar of Zin.
  2510 | D:3      | Reached skill level 1 in Hexes
  2591 | D:3      | Reached skill level 5 in Spellcasting
  2757 | D:3      | Found a blossoming altar of Fedhas.
  2846 | D:4      | Identified a scroll of acquirement
  2846 | D:4      | Acquired 972 gold pieces
  2883 | D:2      | Bought a runed cloak for 165 gold pieces
  2883 | D:2      | Bought a dented malachite amulet for 110 gold pieces
  2980 | D:4      | Reached skill level 1 in Translocations
  3066 | D:4      | Found a sand-covered staircase.
  3074 | Ossuary  | Entered an ossuary
  3085 | Ossuary  | HP: 5/24 [water moccasin zombie (2)]
  3463 | D:4      | Reached XP level 5. HP: 28/28 MP: 14/14
  3633 | D:4      | You pick up a book of Armaments and begin reading...
  3633 | D:4      | You add the spells Stone Arrow, Animate Armour and
                  | Lehudib's Crystal Spear to your library.
  3809 | D:5      | Entered Level 5 of the Dungeon
  3851 | D:5      | Reached skill level 2 in Hexes
  3914 | D:5      | Reached skill level 2 in Translocations
  3914 | D:5      | Reached XP level 6. HP: 18/32 MP: 16/16
  4211 | D:5      | Reached skill level 6 in Conjurations
  4233 | D:5      | Found a radiant altar of Vehumet.
  4249 | D:5      | Became a worshipper of Vehumet
  4281 | D:5      | Identified the +0 robe "Joghoset" {Slay+2 Stlth+}
  4344 | D:5      | Reached skill level 3 in Hexes
  4449 | D:5      | Reached skill level 6 in Spellcasting
  4517 | D:5      | Noticed Ijyb
  4535 | D:5      | Killed Ijyb
  4735 | D:5      | Reached skill level 3 in Translocations
  4737 | D:5      | Reached XP level 7. HP: 28/36 MP: 18/18
  4808 | D:5      | Reached skill level 4 in Hexes
  5021 | D:5      | Found an ancient bone altar of Kikubaaqudgha.
  5144 | D:6      | Identified the +0 chain mail of Absence {Contam rN++ Str+3}
  5245 | D:6      | Noticed a steam dragon
  5483 | D:6      | Reached skill level 7 in Spellcasting
  5483 | D:6      | Reached skill level 4 in Translocations
  5516 | D:6      | Reached skill level 7 in Conjurations
  5516 | D:6      | Reached skill level 5 in Hexes
  5631 | D:6      | HP: 2/36 [steam dragon/ball of steam (18)]
  5632 | D:6      | Slain by a wight

Vanquished Creatures
  A bullfrog (D:6)
  4 scorpions (D:5)
  4 wights
  An orc priest (D:5)
  4 hounds (D:5)
  2 jellies (D:5)
  2 iguanas
  An orc wizard (D:4)
  Ijyb (D:5)
  A statue (D:5)
  3 adders
  An ufetubus (D:6)
  3 dart slugs
  4 worms
  12 orcs
  5 ball pythons
  8 endoplasms
  4 giant cockroaches
  7 goblins
  3 hobgoblins
  7 jackals (D:1)
  3 quokkas
  6 bats
  3 frilled lizards
  15 kobolds
  8 rats
113 creatures vanquished.

Vanquished Creatures (others)
  A withered plant (Ossuary)
1 creature vanquished.

Grand Total: 114 creatures vanquished

Table legend:
 A = Non-vault XP
 B = Vault XP
 C = Vault XP percentage of total XP
 D = Non-vault monster count
 E = Vault monster count
 F = Vault count percentage of total count
                 A         B        C        D         E       F
            +---------+---------+-------+---------+---------+-------
      Total |     863 |     545 |  38.7 |      96 |      17 |  15.0
            +---------+---------+-------+---------+---------+-------
        D:1 |      56 |       0 |   0.0 |      32 |       0 |   0.0
        D:2 |      56 |       0 |   0.0 |      20 |       0 |   0.0
        D:3 |      44 |      11 |  20.0 |      16 |       6 |  27.3
        D:4 |      89 |       0 |   0.0 |      10 |       0 |   0.0
        D:5 |     308 |     534 |  63.4 |      13 |      11 |  45.8
        D:6 |     310 |       0 |   0.0 |       5 |       0 |   0.0
            +---------+---------+-------+---------+---------+-------

Illustrated notes

Table legend:
 A = Kills in this place as a percentage of kills in entire the game.
 B = Kills by you in this place as a percentage of kills by you in the entire game.
 C = Kills by friends in this place as a percentage of kills by friends in the entire game.
 D = Other kills in this place as a percentage of other kills in the entire game.
 E = Experience gained in this place as a percentage of experience gained in the entire game.
 F = Experience gained in this place divided by the number of levels of this place that you have seen.
                   A       B       C       D       E      F
               +-------+-------+-------+-------+-------+----------------------
         Total | 100.0 | 100.0 |   N/A |   N/A | 100.0 | 201.1
       Dungeon | 100.0 | 100.0 |   N/A |   N/A | 100.0 | 234.7
               +-------+-------+-------+-------+-------+----------------------

Table legend: (Time is in decaauts)
 A = Elapsed time spent in this place.
 B = Non-inter-level travel time spent in this place.
 C = Inter-level travel time spent in this place.
 D = Time resting spent in this place.
 E = Time spent auto-exploring this place.
 F = Levels seen in this place.
 G = Mean time per level.
                   A        B        C        D        E       F      G
               +--------+--------+--------+--------+--------+-----+--------+
         Total |   5633 |   5408 |    225 |    272 |   4390 |   7 |  804.7 |
       Dungeon |   5620 |   5395 |    225 |    272 |   4390 |   6 |  936.7 |
       Ossuary |     12 |     12 |      0 |      0 |      0 |   1 |   12.0 |
               +--------+--------+--------+--------+--------+-----+--------+

Top non-repeatable levels by time:
     D:5: 1435 daAuts
     D:1: 1199 daAuts
     D:2: 931 daAuts
     D:4: 849 daAuts
     D:3: 821 daAuts
     D:6: 382 daAuts
 Ossuary: 12 daAuts
